Map: Disco Bloodbath LE

Players

AGOElazer (Elazer)

  • Race: Zerg Zerg
  • League: Master
  • Spawn Location: 9:00

TSGSolar (Solar) - Winner!

  • Race: Zerg Zerg
  • League: Diamond
  • Spawn Location: 3:00

Event: HomeStory Cup XX

VOD

Have the link to the VOD?

Description

Time

  • Played on: Nov. 21, 2019, 7:20 a.m.
  • Length: 8:24

All games in this series

Show
View Real Time Build Order
Export as new Build Order

AGOElazer Zerg 

Build Orders: Hatch First 

Get SALT Encoding   

  12  0:00  Drone  
  13  0:12  Overlord  
  13  0:16  Drone  
  14  0:30  Drone x2  
  16  0:46  Hatchery  
  15  0:50  Drone  
  15  0:54  Drone  
  18  0:57  Drone  
  18  1:07  Extractor  
  17  1:12  Spawning Pool  
  17  1:15  Drone  
  18  1:18  Drone  
  18  1:28  Drone  
  19  1:38  Drone  
  20  1:49  Drone  
  21  1:58  Drone  
  21  1:59  Queen x2  
  21  2:00  Overlord  
  26  2:08  Metabolic Boost  
  26  2:09  Drone  
  26  2:11  Zergling x2  
  28  2:21  Drone x2  
  30  2:30  Drone  
  30  2:33  Hatchery  
  30  2:38  Drone  
  30  2:41  Zergling x2  
  32  2:47  Baneling Nest  
  32  2:48  Drone  
  32  2:53  Drone  
  32  2:58  Drone  
  34  3:02  Overlord  
  34  3:05  Drone  
  35  3:06  Drone  
  35  3:07  Overlord  
  36  3:20  Queen, Drone x5  
  36  3:25  Drone  
  44  3:29  Evolution Chamber  
  43  3:35  Extractor, Zergling x2  
  43  3:36  Drone  
  43  3:39  Drone x3  
  46  3:42  Drone  
  46  3:43  Baneling x2  
  46  3:44  Zergling x4  
  46  3:45  Zergling x2  
  50  3:49  Overlord  
  50  3:53  Drone  
  51  3:56  Drone x2  
  51  3:57  Zerg Melee Weapons Level 1  
  51  3:59  Drone  
  54  4:07  Drone x2  
  56  4:11  Drone x4  
  56  4:15  Lair  
  60  4:20  Roach Warren  
  60  4:23  Drone x3  
  62  4:27  Overlord  
  62  4:31  Drone x3  
  62  4:36  Overlord  
  62  4:37  Drone  
  66  4:38  Extractor  
  66  4:40  Extractor  
  66  4:43  Extractor, Drone x2  
  66  4:49  Drone x7  
  73  4:55  Overlord  
  73  4:58  Extractor, Overlord  
  72  5:02  Zergling x2  
  72  5:06  Drone  
  72  5:07  Drone x2, Overlord  
  75  5:09  Zergling x2  
  77  5:14  Zergling x2  
  77  5:19  Overlord, Spire  
  77  5:20  Zergling x12  
  82  5:25  Overlord  
  82  5:27  Overlord  
  82  5:32  Hatchery  
  82  5:34  Overlord  
  80  5:36  Zergling x4  
  80  5:38  Baneling x2  
  80  5:40  Zergling x6  
  85  5:43  Baneling  
  85  5:45  Zergling x4  
  87  5:50  Zergling x8  
  87  5:55  Overlord  
  88  5:58  Zergling x8  
  91  6:08  Overlord  
  86  6:23  Zergling x2  
  86  6:24  Zergling x12  
  93  6:28  Overlord  
  93  6:32  Mutalisk x6  
  92  6:37  Mutalisk x2  
  108  6:41  Mutalisk  
  110  6:50  Mutalisk  
  110  6:51  Mutalisk x3  
  110  6:54  Mutalisk  
  110  6:55  Mutalisk  
  105  7:09  Mutalisk  
  105  7:11  Zergling x8  
  105  7:12  Zergling x12  
  101  7:20  Mutalisk  
  102  7:23  Zergling x10  
  102  7:29  Overlord  
  106  7:30  Mutalisk  
  106  7:32  Mutalisk  
  106  7:34  Overlord  
  110  7:39  Mutalisk  
  110  7:43  Zergling x2  
  110  7:44  Zergling x4  
  115  7:47  Queen  
  115  7:49  Mutalisk  
  119  7:51  Overlord  
  119  7:57  Overlord x3  
  119  7:59  Overlord  
  119  8:00  Overlord  
Show
View Real Time Build Order
Export as new Build Order

TSGSolar Zerg - Winner!

Build Orders: Hatch First 

Get SALT Encoding   

  12  0:01  Drone  
  13  0:12  Overlord  
  13  0:16  Drone  
  14  0:30  Drone x2  
  16  0:48  Hatchery  
  15  0:51  Drone  
  15  0:54  Drone  
  17  0:57  Drone  
  18  1:08  Extractor  
  17  1:13  Spawning Pool  
  17  1:16  Drone  
  17  1:20  Drone  
  18  1:27  Drone  
  19  1:38  Drone  
  20  1:49  Overlord  
  20  1:59  Queen x2  
  20  2:00  Zergling x2  
  25  2:01  Drone  
  26  2:10  Drone x2  
  26  2:13  Metabolic Boost  
  28  2:21  Drone  
  28  2:22  Drone  
  30  2:33  Hatchery  
  30  2:35  Drone  
  30  2:38  Drone  
  31  2:44  Queen  
  31  2:49  Overlord  
  33  2:51  Drone  
  34  3:00  Baneling Nest  
  34  3:01  Drone x2  
  35  3:05  Zergling x2  
  35  3:08  Drone x2  
  35  3:10  Drone  
  35  3:11  Drone  
  40  3:14  Zergling x2  
  40  3:15  Zergling x2  
  40  3:18  Drone  
  43  3:21  Overlord  
  43  3:24  Drone  
  44  3:30  Evolution Chamber  
  44  3:31  Drone  
  43  3:45  Drone x5  
  43  3:46  Lair  
  43  3:47  Drone  
  49  3:49  Zergling x2  
  49  3:51  Extractor, Drone  
  49  3:52  Extractor  
  50  3:55  Drone x3  
  50  3:59  Overlord  
  50  4:01  Zergling x2  
  53  4:03  Baneling  
  53  4:08  Zergling x4  
  55  4:13  Roach Warren  
  55  4:15  Drone  
  55  4:17  Drone  
  56  4:19  Drone x2  
  56  4:22  Zergling x4  
  60  4:24  Drone  
  60  4:25  Drone  
  60  4:27  Baneling x2  
  60  4:31  Overlord  
  62  4:32  Drone  
  62  4:34  Overlord  
  62  4:36  Drone  
  63  4:39  Extractor x2  
  63  4:40  Drone  
  62  4:46  Spire  
  62  4:48  Drone x3  
  64  4:53  Overlord  
  64  4:54  Extractor, Drone x2  
  64  4:56  Drone x2  
  67  5:00  Zerg Melee Weapons Level 1, Drone  
  67  5:02  Drone  
  67  5:03  Drone  
  67  5:06  Drone  
  71  5:09  Drone x3  
  71  5:12  Overlord  
  74  5:15  Zergling x4  
  74  5:19  Zergling x4  
  78  5:22  Zergling x4  
  78  5:25  Overlord  
  78  5:29  Overlord  
  78  5:31  Zergling x8  
  78  5:34  Overlord  
  81  5:40  Zergling x10  
  86  5:45  Overlord  
  84  6:00  Mutalisk x7  
  98  6:06  Mutalisk x2, Baneling x2  
  98  6:08  Mutalisk  
  102  6:15  Mutalisk  
  102  6:17  Mutalisk  
  100  6:25  Zerg Flyer Weapons Level 1  
  100  6:30  Hatchery  
  100  6:32  Mutalisk  
  96  6:34  Zergling x12  
  96  6:36  Drone x2  
  96  6:38  Mutalisk  
  109  6:40  Drone  
  109  6:42  Mutalisk  
  109  6:45  Zergling x6  
  114  6:51  Mutalisk  
  114  6:52  Drone  
  117  6:55  Mutalisk  
  117  6:58  Zergling x10  
  124  7:03  Mutalisk  
  124  7:07  Zergling x8  
  128  7:14  Overlord  
  114  7:20  Mutalisk x3  
  119  7:22  Overlord  
  119  7:23  Drone x2  
  119  7:27  Mutalisk  
  119  7:29  Overlord  
  123  7:32  Mutalisk  
  123  7:34  Overlord  
  123  7:35  Extractor, Zergling x2  
  123  7:36  Zergling x4  
  123  7:37  Drone x2  
  129  7:39  Mutalisk  
  129  7:42  Extractor, Overlord  
  129  7:44  Mutalisk  
  132  7:52  Mutalisk  
  132  7:54  Zergling x6  
  136  7:59  Mutalisk, Drone x2  
  136  8:01  Overlord  
Tags
 
Add a new tag
Caveats
  • Supply blocks, unpowered buildings, or Contaminate may cause inaccurate times.
  • Supply counts are checked every 10 seconds.